 Dungeon Crawl Stone Soup version 0.30.1-9-gdf580d7c3d (webtiles) character file.

Game seed: 13068122027859637607

476 Peloso the Covered (level 6, -2/56 HPs)
             Began as a Minotaur Fighter on Sept 29, 2023.
             Slain by a sleepcap (18 damage)
             ... on level 4 of the Dungeon.
             The game lasted 00:05:22 (2921 turns).

Peloso the Covered (Minotaur Fighter)               Turns: 2921, Time: 00:05:22

Health: -2/56      AC: 12    Str: 21    XL:     6   Next: 84%
Magic:  0/5        EV:  2    Int:  5    God:
Gold:   149        SH:  0    Dex: 11    Spells: 5/5 levels left

rFire   + . .        a - +0 long sword
rCold   + . .        d - +0 buckler
rNeg    . . .        t - +0 storm dragon scales
rPois   .            (helmet restricted)
rElec   +            i - scarf {rC+ rF+}
rCorr   .            (no gloves)
SInv    .            (no boots)
Will    .....        c - amulet of guardian spirit Stlth
                     g - +4 ring of slaying
HPRegen 0.29/turn    (no ring)
MPRegen 0.09/turn

%: guardian spirit
@: sleeping
A: horns 2, retaliatory headbutt
a: no special abilities


You were on level 4 of the Dungeon.
You visited 1 branch of the dungeon, and saw 4 of its levels.

You collected 193 gold pieces.
You spent 44 gold pieces at shops.

Inventory:

Hand Weapons
 a - a +0 long sword (weapon)
Armour
 b - a +0 scale mail
 d - a +0 buckler (worn)
 i - a scarf of resistance (worn)
 t - +0 storm dragon scales (worn)
Jewellery
 c - an amulet of guardian spirit (around neck)
 g - a +4 ring of slaying (left hand)
Wands
 s - a wand of charming (5)
Scrolls
 e - a scroll of fear
 f - a scroll of immolation
 h - 4 scrolls of teleportation {unknown}
 l - 4 scrolls of identify
 p - 2 scrolls of fog {unknown}
 v - a scroll of poison {unknown}
Potions
 j - a potion of attraction {unknown}
 k - 2 potions of flight
 m - a potion of resistance {unknown}
 n - 2 potions of degeneration
 o - a potion of haste {unknown}
 q - a potion of lignification {unknown}
 r - a potion of ambrosia {unknown}
 u - 2 potions of might
 w - a potion of berserk rage {unknown}
 x - a potion of curing {unknown}


   Skills:
 + Level 5.1 Fighting
 + Level 5.7 Long Blades
 + Level 5.9 Armour
 + Level 1.6 Dodging
 + Level 0.1 Stealth
 + Level 4.3 Shields


You had 5 spell levels left.
You didn't know any spells.
Your spell library contained the following spells:

 Spells                   Type           Power      Damage    Failure   Level
 Slow                     Hex            0%         N/A       99%         1
 Confusing Touch          Hex            0%         N/A       100%        3
 Dazzling Flash           Conj/Hex       0%         N/A       100%        3
 Vampiric Draining        Necr           0%         2d6       100%        3
 Agony                    Necr           0%         N/A       100%        5
 Silence                  Hex/Air        0%         N/A       100%        5


Dungeon Overview and Level Annotations

Branches:
Dungeon (4/15)
 Temple: D:4-7

Altars:
Ru

Shops:
D:2 :*([*


Innate Abilities, Weirdness & Mutations

You have a pair of horns on your head.
You reflexively headbutt those who attack you in melee.


Message History

Your Long Blades skill increases to level 5!
A gnoll comes into view. It is wielding a +0 club.
The dart slug closely misses you. You furiously retaliate!
You headbutt the dart slug!
You kill the dart slug!
The gnoll shouts!
You see here a dart slug corpse.
You hit the sleepcap.
The sleepcap is lightly damaged.
The sleepcap releases spores at you.
You are engulfed in a cloud of soporific spores!
You fall asleep.
A gnoll comes into view. It is wielding a +1 mace of holy wrath.
The gnoll shouts!
You hear a shout!
You hear an angry hiss.
The sleepcap barely misses you.
A gnoll comes into view. It is wielding a +0 flail.
The sleepcap releases spores at you.
You wake up.
* * * LOW HITPOINT WARNING * * *
You hit the sleepcap but do no damage.
The sleepcap is lightly damaged.
You block the sleepcap's attack.
An orc comes into view. It is wielding a +0 hand axe.
The sleepcap releases spores at you but does no damage.
Unknown command.
You slash the sleepcap!
The sleepcap is moderately damaged.
The sleepcap releases spores at you but does no damage.
Unknown command.
You slash the sleepcap!
The sleepcap is severely damaged.
You block the sleepcap's attack.
Unknown command.
You hit the sleepcap but do no damage.
The sleepcap is severely damaged.
The sleepcap releases spores at you.
* * * LOW HITPOINT WARNING * * *
You are engulfed in a cloud of soporific spores!
You fall asleep.
The sleepcap releases spores at you!!
You die...

#..............
#.....# ##...##
###...####.#
#..........#
#.#ogg######
...##g## #.##
#f# # #@#
#####.#
#.#.....#
#.#.##### #.#.#
#.#.# #####.#†#
.......†#
#####...#


You could see a sleepcap, 3 gnolls and an orc.

Vanquished Creatures
  Grinder (D:4)
  Menkaure (D:4)
  A jelly (D:4)
  Natasha (twice) (D:2)
  An adder (D:3)
  2 worms
  2 dart slugs
  An orc (D:3)
  6 bats
  2 endoplasms (D:1)
  2 giant cockroaches
  8 goblins
  7 hobgoblins
  2 jackals (D:4)
  7 kobolds
  2 quokkas
  7 ball pythons
  3 frilled lizards (D:3)
  2 rats
59 creatures vanquished.

Notes
Turn   | Place    | Note
-------+----------+-------------------------------------------
     0 | D:1      | Peloso the Minotaur Fighter began the quest for the Orb.
     0 | D:1      | Reached XP level 1. HP: 19/19 MP: 0/0
    97 | D:1      | Reached XP level 2. HP: 24/27 MP: 1/1
   842 | D:2      | Reached XP level 3. HP: 33/33 MP: 2/2
   860 | D:2      | Found a faded altar of an unknown god.
   892 | D:2      | Found Ebrusam's General Store.
   896 | D:2      | Bought a scroll of noise for 10 gold pieces
   896 | D:2      | Bought a scroll of identify for 20 gold pieces
   932 | D:2      | Found Doz Unek's Antique Armour Shoppe.
  1078 | D:2      | Found Poetet's Book Shoppe.
  1110 | D:2      | Found Joryubod's Weapon Shop.
  1111 | D:2      | Noticed a +0 giant spiked club
  1111 | D:2      | Noticed a +0 triple sword
  1136 | D:2      | Noticed Natasha
  1141 | D:2      | Killed Natasha
  1238 | D:2      | Found Tuupn's General Store.
  1246 | D:2      | Bought a potion of degeneration for 14 gold pieces
  1283 | D:2      | Noticed Natasha
  1290 | D:2      | Killed Natasha
  1291 | D:2      | Reached XP level 4. HP: 26/40 MP: 3/3
  1835 | D:3      | Reached skill level 1 in Dodging
  1982 | D:3      | Found a sacrificial altar of Ru.
  2862 | D:4      | Noticed Menkaure
  2862 | D:4      | Noticed Grinder
  2877 | D:4      | Killed Menkaure
  2878 | D:4      | Reached skill level 5 in Armour
  2878 | D:4      | Reached XP level 5. HP: 47/47 MP: 4/4
  2891 | D:4      | Paralysed by Grinder for 3 turns
  2899 | D:4      | Reached XP level 6. HP: 44/55 MP: 3/5
  2908 | D:4      | Killed Grinder
  2909 | D:4      | Reached skill level 5 in Fighting
  2909 | D:4      | Reached skill level 5 in Long Blades
  2921 | D:4      | Slain by a sleepcap

Illustrated notes

Levels and vault maps discovered:
D:1:      shiori_arrival_oz, layout_loops_ring
D:2:      layout_loops_ring, dreamdust_ecumenical_altar_sealed_demon,
          serial_shops, nicolae_shop_rolling_square, shop,
          nicolae_shop_behind_doors, nicolae_shop_mannequins, shop,
          serial_rivers, chequers_serial_rivers_small_b,
          chequers_serial_rivers_small_a, chequers_serial_rivers_marsh,
          chequers_serial_rivers_small_b, uniq_natasha
D:3:      layout_loops_corners, nicolae_ru_the_path_less_chosen,
          chequers_serial_rivers_micro_a, kennysheep_flooded_box,
          kennysheep_potato
D:4:      layout_loops_ring, nicolae_overflow_hidden_temple, uniq_grinder,
          uniq_menkaure

Skill      XL: |  1  2  3  4  5  6 |
---------------+-------------------+-----
Shields        | 4 |  4.3
Armour         | 4 5 |  5.9
Fighting       | 4 5 |  5.1
Long Blades    | 3 4 5 |  5.7
Dodging        | 1 |  1.6
Stealth        | |  0.1

Action                     |  1- 3 |  4- 6 || total
---------------------------+-------+-------++-------
  Melee: Long sword        |    76 |    64 ||   140
         Headbutt          |    11 |     9 ||    20
    Use: Potion            |     1 |       ||     1
         Scroll            |     3 |       ||     3
 Armour: Scale mail        |    30 |    11 ||    41
         Storm dragon scal |       |    16 ||    16
  Dodge: Dodged            |    43 |    22 ||    65
  Block: Buckler           |    14 |    11 ||    25
